 Dungeon Crawl Stone Soup version 0.24.0-2-g5b39cebb1c (webtiles) character file.

Game seed: 10415244105364386, levelgen mode: deterministic

514276 Thantalas the Slayer (level 25, -15/174 HPs)
             Began as a Gargoyle Fighter on Oct 30, 2019.
             Was the Champion of Cheibriados.
             Killed by the air
             ... invoked by a titan
             ... created by the fury of Okawaru
              (53 damage)
             ... on level 3 of the Vaults.
             The game lasted 03:00:41 (50840 turns).

Thantalas the Slayer (Gargoyle Fighter)            Turns: 50840, Time: 03:00:42

Health: -15/174    AC: 55    Str: 52    XL:     25   Next: 64%
Magic:  9/27       EV: 23    Int: 33    God:    Cheibriados [******]
Gold:   4258       SH: 21    Dex: 26    Spells: 7/42 levels left

rFire    + . .     SeeInvis +   a - +9 eveningstar (flame)
rCold    + + .     Gourm    .   g - +0 shield {rC+}
rNeg     + . .     Faith    .   U - +9 plate armour "Vuup" {Int+4}
rPois    ∞         Spirit   .   Q - +2 helmet {SInv}
rElec    +         Reflect  +   G - scarf {rC+ rF+}
rCorr    +         Harm     .   q - +0 pair of gloves of Jearr {+Blink Regen+ MP-9}
MR       +++..                  H - +2 pair of boots of the Assassin {Detection Stab+ Stlth++}
Stlth    +.........             o - +3 amulet of reflection
HPRegen  1.79/turn              J - ring "Ted Woew" {MR++ rCorr Stlth+}
MPRegen  0.20/turn              M - ring of Bausuw {+Inv +Fly Str+2 Int+3 Dex+2}

@: mighty, flying, regenerating, studying Dodging, lightly drained, very slow
A: big wings, negative energy resistance 1, electricity resistance, unbreathing,
petrification resistance, rot immunity, AC +19
}: 2/15 runes: decaying, serpentine
a: Stop Flying, Bend Time, Temporal Distortion, Slouch, Step From Time, Renounce
Religion, Evoke Blink, Evoke Invisibility


You were on level 3 of the Vaults.
You worshipped Cheibriados.
Cheibriados was exalted by your worship.
You were near starving.

You visited 9 branches of the dungeon, and saw 43 of its levels.
You also visited: Sewer and Ice Cave.

You collected 5853 gold pieces.
You spent 1595 gold pieces at shops.

Inventory:

Hand Weapons
 a - a +9 eveningstar of flaming (weapon)
   (You subdued it on level 2 of the Elven Halls)
 b - the +10 morningstar "Imyemiad" {holy, MR- Str+4}
   (You took it off a spriggan defender on level 4 of the Depths)

   It has been blessed by the Shining One to cause great damage to the undead
   and demons.
   It affects your strength (+4).
   It affects your resistance to hostile enchantments.
 n - the +9 arbalest "Waofaurch" {flame, Str+4 SInv}
   (You found it on level 3 of the Vaults)

   It causes projectiles fired from it to burn those they strike, causing extra
   injury to most foes and up to half again as much damage against particularly
   susceptible opponents.
   It affects your strength (+4).
   It lets you see invisible.
Missiles
 e - 6 javelins (quivered)
 K - a throwing net {!f}
Armour
 g - a +0 shield of cold resistance (worn)
   (You took it off a vault guard on level 14 of the Dungeon)
 q - the +0 pair of gloves of Jearr (worn) {+Blink Regen+ MP-9}
   (Okawaru gifted it to you on level 1 of the Lair of Beasts)

   It affects your magic capacity (-9).
   It lets you blink.
   It increases your rate of regeneration.
 G - a scarf of resistance (worn)
   (You found it on level 2 of the Swamp)
 H - the +2 pair of boots of the Assassin (worn) {Detection Stab+ Stlth++}
   (Okawaru gifted it to you on level 4 of the Snake Pit)

   It makes you much more stealthy.
 Q - a +2 helmet of see invisible (worn)
   (Okawaru gifted it to you on level 1 of the Depths)
 U - the +9 plate armour "Vuup" (worn) {Int+4}
   (Okawaru gifted it to you on level 4 of the Depths)

   It affects your intelligence (+4).
Jewellery
 o - a +3 amulet of reflection (around neck)
   (You found it on level 5 of the Dungeon)
 J - the ring "Ted Woew" (left hand) {MR++ rCorr Stlth+}
   (You acquired it on level 3 of the Elven Halls)

   [ring of resist corrosion]

   It affects your resistance to hostile enchantments.
   It provides partial protection from all sources of acid and corrosion.
   It makes you more stealthy.
 M - the ring of Bausuw (right hand) {+Inv +Fly Str+2 Int+3 Dex+2}
   (You took it off a deep elf sorcerer on level 3 of the Elven Halls)

   [ring of flight]

   It affects your strength (+2).
   It affects your intelligence (+3).
   It affects your dexterity (+2).
   It lets you turn invisible.
   It lets you fly.
Wands
 d - a wand of iceblast (67)
   (You found it on level 3 of the Lair of Beasts)
 t - a wand of flame (67)
   (You took it off Sigmund on level 2 of the Dungeon)
 u - a wand of paralysis (11)
   (You found it on level 2 of the Snake Pit)
 v - a wand of digging (15)
   (You took it off Jessica on level 2 of the Dungeon)
 x - a wand of acid (32)
   (You found it on level 7 of the Dungeon)
Scrolls
 h - 17 scrolls of amnesia
 i - 8 scrolls of identify {@r1}
 j - 7 scrolls of fog
 k - 28 scrolls of teleportation {@r4}
 D - 9 scrolls of magic mapping
 F - 2 scrolls of enchant armour
 I - 12 scrolls of remove curse {@r2}
 L - a scroll of blinking
 T - 2 scrolls of enchant weapon
 V - 7 scrolls of fear
Potions
 m - 8 potions of mutation {!q}
 p - 5 potions of magic
 r - a potion of might
 A - 4 potions of heal wounds {@q2}
 N - 4 potions of cancellation
 O - a potion of ambrosia
 P - a potion of brilliance
 S - 30 potions of curing {@q1}
Books
 c - a manual of Dodging {!d}
   (You found it on level 4 of the Depths)
Miscellaneous
 l - a phantom mirror
Comestibles
 f - 79 rations {!d}


   Skills:
 + Level 22.3(22.0) Fighting
 - Level 16.0(15.7) Maces & Flails
 - Level 18.0(17.6) Armour
 + Level 14.3(14.0) Dodging
 - Level 15.0(14.7) Shields
 - Level 9.0(8.7) Spellcasting
 + Level 5.9(5.7) Conjurations
 - Level 7.0(6.7) Charms
 + Level 4.9(4.7) Summonings
 + Level 10.9(10.7) Necromancy
 + Level 4.5(4.3) Air Magic
 - Level 13.0(12.7) Earth Magic
 + Level 12.3(12.0) Invocations
 - Level 7.0(6.8) Evocations


You had 7 spell levels left.
You knew the following spells:

 Your Spells              Type           Power        Failure   Level  Hunger
a - Iron Shot             Conj/Erth      ######....   30%         6    #####..
b - Blink                 Tloc           N/A          13%         2    None
c - Spellforged Servitor  Conj/Summ      #####.....   100%        7    ######.
d - Aura of Abjuration    Summ           #####.....   32%         5    ###....
r - Deflect Missiles      Chrm/Air       ######....   80%         6    #####..
s - Summon Butterflies    Summ           #####...     1%          1    None
A - Borgnjor's Vile Clut  Necr/Erth      #######...   1%          5    ###....
K - Regeneration          Chrm/Necr      ######....   1%          3    None

Your spell library contained the following spells:

 Spells                   Type           Power        Failure   Level  Hunger
 Animate Skeleton         Necr           N/A          1%          1    None
 Infusion                 Chrm           ####         1%          1    None
 Magic Dart               Conj           ####         1%          1    None
 Pain                     Necr           ####         1%          1    None
 Sandblast                Erth           ######       1%          1    None
 Summon Small Mammal      Summ           ####         1%          1    None
 Call Imp                 Summ           #####...     1%          2    None
 Corpse Rot               Necr           N/A          1%          2    None
 Searing Ray              Conj           ######       1%          2    None
 Swiftness                Chrm/Air       ######..     1%          2    None
 Stone Arrow              Conj/Erth      ######       1%          3    None
 Vampiric Draining        Necr           ######....   1%          3    None
 Animate Dead             Necr           N/A          1%          4    None
 Lee's Rapid Deconstruct  Erth           #######...   1%          5    ###....
 Flame Tongue             Conj/Fire      ####.        2%          1    None
 Call Canine Familiar     Summ           #####...     3%          3    None
 Static Discharge         Conj/Air       #####...     3%          3    None
 Dispel Undead            Necr           ######..     3%          5    ###....
 Throw Flame              Conj/Fire      ####..       4%          2    None
 Throw Frost              Conj/Ice       ####..       4%          2    None
 Mephitic Cloud           Conj/Pois/Air  #####...     6%          3    None
 Ozocubu's Armour         Chrm/Ice       #####...     6%          3    None
 Leda's Liquefaction      Hex/Erth       ######....   6%          4    None
 Petrify                  Tmut/Erth      ######..     6%          4    None
 Conjure Flame            Conj/Fire      ####....     8%          3    None
 Dazzling Spray           Conj/Hex       ####..       8%          3    None
 Beastly Appendage        Tmut           ##....       9%          1    None
 Corona                   Hex            ##.....      9%          1    None
 Freeze                   Ice            ##..         9%          1    None
 Iskenderun's Mystic Bla  Conj           ######..     9%          4    None
 Recall                   Summ/Tloc      N/A          10%         3    None
 Summon Guardian Golem    Hex/Summ       ####....     10%         3    None
 Slow                     Hex            ##......     13%         2    None
 Sticks to Snakes         Tmut           ##......     13%         2    None
 Death Channel            Necr           ######....   16%         6    #####..
 Bolt of Magma            Conj/Fire/Erth ######....   19%         5    ###....
 Iskenderun's Battlesphe  Conj/Chrm      ######..     19%         5    ###....
 Ignite Poison            Fire/Tmut/Pois ##......     26%         3    None
 Inner Flame              Hex/Fire       ##......     26%         3    None
 Portal Projectile        Hex/Tloc       ##....       26%         3    None
 Spider Form              Tmut/Pois      ##........   26%         3    None
 Force Lance              Conj/Tloc      ####....     26%         4    None
 Fulminant Prism          Conj/Hex       ####......   26%         4    None
 Sticky Flame             Conj/Fire      ####....     26%         4    None
 Throw Icicle             Conj/Ice       ####....     26%         4    None
 Lightning Bolt           Conj/Air       #####.....   30%         5    ###....
 Summon Ice Beast         Ice/Summ       ####....     32%         4    None
 Summon Demon             Summ           #####.....   32%         5    ###....
 Fireball                 Conj/Fire      ####......   58%         5    ###....
 Irradiate                Conj/Tmut      ####......   58%         5    ###....
 Venom Bolt               Conj/Pois      ####......   58%         5    ###....
 Cause Fear               Hex            ##........   63%         4    None
 Ice Form                 Ice/Tmut       ##......     63%         4    None
 Summon Forest            Summ/Tloc      ####......   65%         5    ###....
 Summon Mana Viper        Hex/Summ       ####....     65%         5    ###....
 Silence                  Hex/Air        ####......   67%         5    ###....
 Simulacrum               Ice/Necr       #####.....   82%         6    #####..
 Shadow Creatures         Summ           N/A          88%         6    #####..
 Alistair's Intoxication  Tmut/Pois      ##......     93%         5    ###....
 Blade Hands              Tmut           ##........   93%         5    ###....
 Metabolic Englaciation   Hex/Ice        ##........   93%         5    ###....
 Yara's Violent Unravell  Hex/Tmut       ##........   93%         5    ###....
 Freezing Cloud           Conj/Ice/Air   #####.....   97%         6    #####..
 Bolt of Cold             Conj/Ice       ####......   99%         6    #####..
 Hydra Form               Tmut           ##........   100%        6    #####..
 Ozocubu's Refrigeration  Ice            ##........   100%        6    #####..
 Dragon Form              Tmut           ##........   100%        7    ######.
 Orb of Destruction       Conj           ######....   100%        7    ######.
 Summon Hydra             Summ           #####.....   100%        7    ######.
 Discord                  Hex            ##........   100%        8    #######
 Ignition                 Fire           ##........   100%        8    #######
 Shatter                  Erth           #######...   100%        9    #######
 Tornado                  Air            #####.....   100%        9    #######
 Sublimation of Blood     Necr           Unusable     N/A         2    N/A
 Statue Form              Tmut/Erth      Unusable     N/A         6    N/A

Dungeon Overview and Level Annotations

Branches:
Dungeon (15/15)            Temple (1/1) D:4            Lair (6/6) D:11
  Swamp (4/4) Lair:2        Snake (4/4) Lair:3        Slime (0/5) Lair:6
    Orc (2/2) D:10            Elf (3/3) Orc:2        Vaults (3/5) D:14
  Crypt (0/3) Vaults:2     Depths (5/5) D:15            Zot (0/5) Depths:5
  Sewer (visited)           IceCv (visited)

Altars:
Ashenzari
Cheibriados
Dithmenos
Elyvilon
Fedhas
Gozag
Hepliaklqana
Kikubaaqudgha
Makhleb
Nemelex Xobeh
Okawaru
Qazlal
Ru
Sif Muna
Trog
Uskayaw
Vehumet
Wu Jian
Xom
Yredelemnul
Zin
The Shining One

Shops:
D:4 [*   D:12 :[[   D:15 :   Orc:2 =?[(   Elf:3 =   Snake:3 !   Snake:4 ?
Vaults:1 }   Depths:2 %*   Depths:3 =*}=   Depths:4 (

Portals:
Hell: Depths:1 Depths:2 Depths:3 Depths:4 Depths:5
Abyss: Depths:4
Pandemonium: Depths:2 Depths:3 Depths:4
Ziggurat: Depths:5

Annotations:
D:4 3 runed translucent doors, Bombadil's ghost, amateur DsAK


Innate Abilities, Weirdness & Mutations

You are resistant to torment.
Your stone body is resilient. (AC +19)
You are immune to poison.
Your large and strong wings let you fly indefinitely.
You resist negative energy. (rN+)
You are resistant to electric shocks. (rElec)
You can survive without breathing.
You are immune to petrification.
You are immune to rotting.


Message History

The zombie hands constrict the demonic crawler!
You block the demonic crawler's attack. x3
Unknown command.
You impale the deep elf mage!! You burn the deep elf mage.
You kill the deep elf mage!
That felt strangely unrewarding.
The zombie hands constrict the deep elf master archer.
The zombie hands constrict the deep elf knight, but do no damage.
The zombie hands constrict the demonic crawler!
The deep elf knight misses you. You block the redback's attack.
The demonic crawler barely misses you.
You block the demonic crawler's attack. x2
You impale the deep elf knight!! You burn the deep elf knight.
The zombie hands constrict the deep elf master archer!
You kill the deep elf master archer!
That felt strangely unrewarding.
The zombie hands constrict the deep elf knight.
The zombie hands constrict the demonic crawler!
The redback misses you.
The deep elf mage gestures at you while chanting.
The bolt of negative energy hits you. You partially resist.
You feel drained.
* * * LOW HITPOINT WARNING * * *
You block the deep elf knight's attack.
You perforate the deep elf knight like a sieve!!!
You burn the deep elf knight.
You kill the deep elf knight!
That felt strangely unrewarding.
The zombie hands constrict the demonic crawler!
You kill the demonic crawler!
The demonic crawler's corpse disappears in a puff of smoke!
The redback bites you.
* * * LOW HITPOINT WARNING * * *
You puncture the deep elf mage! You burn the deep elf mage!
You block the redback's attack.
The soul eater draws from the surrounding life force!
* * * LOW HITPOINT WARNING * * *
You block the hell rat's attack.
You can feel time thicken for a moment.
You kill the redback!
The redback's corpse disappears in a puff of smoke!
You kill the deep elf mage!
That felt strangely unrewarding.
The hell rat disappears in a puff of smoke!
The demonic crawler disappears in a puff of smoke!
The hell rat disappears in a puff of smoke!
The soul eater disappears in a puff of smoke!
You are near starving!
You crush the titan like a grape!!! You burn the titan.
The titan waves its arms in wide circles.
The air twists around and violently strikes you in flight!!!
You die...

#...........#......#.........
#...........#...<..#.........
#...........#......#.........
#...........'......#.........
#...........#......#.........
#...........########.........
#......................C.....
...........C§§..............
...........@§§........C.....
+########################'##
#.........# #.........#
#.........# #.........#
#.........## #.........##
#(..>.....#.


You could see a titan.

Vanquished Creatures
  The ghost of strangelove the Metallomancer, a master GrEE of Vehumet (Depths:4)
  3 juggernauts (Depths:4)
  Margery (Depths:5)
  Saint Roka (Depths:2)
  Vashnia (Snake:3)
  2 caustic shrikes
  6 bone dragons (Depths:5)
  4 golden dragons
  Rupert (D:14)
  A lich (Depths:5)
  4 tentacled monstrosities
  7 titans
  9 deep elf blademasters
  4 deep elf master archers
  Asterion (Vaults:1)
  2 sphinxes
  Kirke (Snake:3)
  Frances (Elf:1)
  3 thorn hunters
  A tengu reaver (Depths:4)
  A draconian monk (Depths:5)
  2 storm dragons
  8 nagarajas
  9 fire giants
  An iron dragon (Depths:2)
  7 vault wardens
  4 deep elf sorcerers
  A draconian shifter (Depths:5)
  Aizul (Snake:3)
  Louise (Depths:4)
  A draconian scorcher (Depths:5)
  3 deep elf elementalists
  A large abomination (Elf:3)
  A balrug (Depths:4)
  20 frost giants
  6 ironheart preservers
  3 spriggan defenders
  19 stone giants
  26 very ugly things
  2 entropy weavers
  3 deep elf demonologists
  5 green draconians
  7 yellow draconians
  5 black draconians
  6 red draconians
  6 white draconians
  3 vampire knights (Depths:3)
  3 purple draconians
  6 deep elf annihilators
  A spark wasp (Depths:3)
  12 ettins
  A blizzard demon (Depths:4)
  5 jiangshi
  9 deep elf death magi
  13 fire dragons
  Snorg (D:14)
  A merfolk impaler (Depths:1)
  A crystal guardian (Vaults:3)
  3 deep elf high priests
  18 ogre magi
  9 vault guards
  9 yaktaur captains
  7 great orbs of eyes
  5 rakshasas
  9 ice dragons
  21 hydras
  12 naga warriors
  4 ghost crabs
  2 spriggan air magi
  12 anacondas
  2 catoblepae (Lair:6)
  16 dancing weapons
  2 vampire magi
  7 tengu warriors
  62 two-headed ogres
  6 death yaks
  9 deep troll shamans
  10 centaur warriors
  9 alligators
  2 death knights
  10 deep troll earth magi
  16 naga sharpshooters
  Urug (D:10)
  16 hell knights
  7 spriggan berserkers
  10 shock serpents
  An orc high priest (Orc:1)
  2 soul eaters (Depths:4)
  2 sun demons (Depths:4)
  6 spriggans
  29 deep elf knights
  9 skeletal warriors
  3 shadow wraiths (Vaults:3)
  An iron troll (Depths:3)
  9 sea snakes (Snake:4)
  3 spriggan druids
  3 unseen horrors
  22 deep trolls
  3 naga ritualists
  9 swamp dragons
  4 lindwurms
  4 wizards
  An obsidian statue (Depths:4)
  3 flayed ghosts
  3 tengu zombies (Vaults:3)
  A glowing orange brain (Depths:1)
  13 deep elf archers
  12 ironbrand convokers
  An orb spider (shapeshifter) (Depths:3)
  An orange crystal statue (Elf:3)
  Pikel (D:8)
  2 phantasmal warriors (Depths:3)
  9 necromancers
  2 tengu skeletons (Vaults:2)
  12 mana vipers
  8 orc knights
  63 deep elf magi
  2 manticores
  2 moths of wrath (Depths:4)
  5 orc sorcerers
  A shadow dragon skeleton (Vaults:3)
  4 salamanders
  62 ugly things
  2 orb spiders (Depths:4)
  8 elephants
  8 cyclopes
  A stone giant skeleton (Vaults:2)
  2 black mambas (shapeshifter)
  30 black mambas
  An ice statue (IceCv)
  2 fire giant skeletons (Vaults:2)
  10 vault sentinels
  A frost giant skeleton (Vaults:2)
  7 guardian serpents
  2 rust devils (Depths:4)
  A gargoyle (D:14)
  2 smoke demons (Depths:4)
  10 spiny frogs
  5 spectral swamp worms (Depths:3)
  7 torpor snails
  10 naga magi
  3 orange demons (Depths:4)
  A komodo dragon (shapeshifter) (Depths:3)
  4 rime drakes
  2 yaktaur skeletons
  A rime drake (shapeshifter) (Vaults:1)
  3 freezing wraiths
  An ice devil (Depths:4)
  6 komodo dragons
  An efreet (D:13)
  A red devil (Depths:4)
  44 yaktaurs
  A kobold demonologist (D:13)
  5 tengu conjurers
  17 hornets
  A queen bee (shapeshifter) (Vaults:2)
  A merfolk (shapeshifter) (Depths:5)
  A polar bear (shapeshifter) (Elf:2)
  3 meliai (D:13)
  A troll (shapeshifter) (Vaults:2)
  30 polar bears
  A meliai (shapeshifter) (Depths:2)
  2 raiju (Lair:6)
  19 tyrant leeches
  11 trolls
  An ettin zombie (Vaults:3)
  9 blink frogs
  10 hippogriffs
  38 slime creatures
  2 dream sheep (Lair:6)
  A slime creature (shapeshifter) (Depths:4)
  10 bog bodies
  4 redbacks (Vaults:1)
  3 water elementals
  3 air elementals
  A spriggan (shapeshifter) (D:13)
  3 shadows
  6 wyverns
  3 ettin skeletons
  Sigmund (D:2)
  3 vampires
  A wraith (Vaults:1)
  2 yaks (shapeshifter)
  73 yaks
  A fire elemental (Elf:1)
  2 humans
  4 hungry ghosts
  3 basilisks
  A hog (Snake:3)
  20 vampire mosquitoes
  10 wargs
  27 swamp worms
  A naga (shapeshifter) (D:14)
  10 insubstantial wisps
  24 water moccasins
  2 acid dragons
  46 nagas
  A floating eye (Depths:5)
  11 swamp drakes
  5 porcupines
  15 hell hounds (Lair:6)
  2 eyes of draining
  2 sky beasts
  A slave (D:8)
  6 ice beasts
  A black bear (shapeshifter) (Elf:2)
  12 black bears
  A human zombie (Vaults:3)
  A hornet zombie (D:8)
  22 orc warriors
  62 ogres
  2 necrophages
  7 human skeletons
  2 phantoms
  31 wolves
  8 crocodiles
  12 centaurs
  6 big kobolds
  6 earth elementals
  17 bullfrogs
  A deep troll simulacrum (Vaults:2)
  2 glowing shapeshifter simulacra
  3 scorpions
  24 killer bees
  3 howler monkeys
  An electric eel (Lair:1)
  18 crimson imps
  7 centaur skeletons
  2 quasits
  5 iron imps
  3 jellies
  2 bullfrog skeletons (D:10)
  14 orc priests
  8 hounds
  20 orc wizards
  Jessica (D:2)
  3 iguanas
  12 worker ants
  7 gnolls
  23 adders
  2 river rats (Sewer)
  5 shadow imps
  3 white imps (Depths:4)
  3 oozes
  An adder skeleton (D:6)
  An adder zombie (D:6)
  5 worms
  A worm (shapeshifter) (Vaults:2)
  5 dart slugs
  5 leopard geckos
  104 orcs
  14 ball pythons
  7 giant cockroaches
  9 goblins
  3 hobgoblins
  11 jackals
  A quokka (D:12)
  10 bats
  11 frilled lizards
  18 kobolds
  2 leopard gecko skeletons
  A quokka zombie (D:9)
  39 rats
  3 briar patches (Swamp:4)
  3 crawling corpses (Elf:3)
  2 fungi (Lair:5)
  5 plants
2133 creatures vanquished.

Vanquished Creatures (collateral kills)
  A guardian serpent (Snake:4)
  2 nagas (Snake:4)
3 creatures vanquished.

Vanquished Creatures (others)
  6 deep elf master archers
  A stone giant (Depths:2)
  An ettin (Depths:4)
  3 yaktaur captains
  A naga warrior (Snake:4)
  3 centaur warriors
  2 alligators
  A dancing weapon (Elf:2)
  2 naga sharpshooters
  An orange crystal statue (Depths:3)
  A lindwurm (Swamp:4)
  2 deep elf archers
  3 deep elf magi (Elf:1)
  A necromancer (Depths:3)
  2 spiny frogs
  14 yaktaurs
  A blink frog (Swamp:4)
  5 humans (Snake:3)
  A vampire mosquito (D:15)
  An orc warrior (Vaults:1)
  6 centaurs
  A bullfrog skeleton (D:13)
  An orc priest (Orc:2)
  An orc (Orc:2)
  2 kobolds
  2 briar patches (Swamp:4)
  5 bushes
  5 fungi
  68 plants
  7 toadstools (Swamp:1)
150 creatures vanquished.

Grand Total: 2286 creatures vanquished

Notes
Turn   | Place    | Note
-------+----------+-------------------------------------------
     0 | D:1      | Thantalas the Gargoyle Fighter began the quest for the Orb.
     0 | D:1      | Reached XP level 1. HP: 14/14 MP: 1/1
   156 | D:1      | Reached XP level 2. HP: 19/19 MP: 2/2
   729 | D:1      | Reached XP level 3. HP: 23/24 MP: 3/3
  1295 | D:2      | Noticed Jessica
  1305 | D:2      | Killed Jessica
  1495 | D:1      | Reached XP level 4. HP: 29/29 MP: 4/4
  1535 | D:1      | Reached skill level 4 in Fighting
  1750 | D:2      | Noticed Sigmund
  1762 | D:2      | Killed Sigmund
  1762 | D:2      | Reached XP level 5. HP: 18/34 MP: 5/5
  1762 | D:2      | Reached XP level 6. HP: 21/39 MP: 6/6
  2847 | D:3      | You fall into a shaft and drop 2 floors!
  2847 | D:5      | Entered Level 5 of the Dungeon
  2847 | D:5      | Found a glowing drain.
  2884 | D:5      | Reached skill level 5 in Armour
  2907 | Sewer    | Entered a sewer
  2925 | Sewer    | Reached skill level 5 in Shields
  2986 | Sewer    | Reached skill level 5 in Fighting
  3077 | Sewer    | Reached XP level 7. HP: 44/44 MP: 7/7
  3695 | D:6      | Reached XP level 8. HP: 51/51 MP: 8/8
  3848 | D:4      | Found Umenkeym's Armour Boutique.
  3856 | D:4      | Bought a scarf of cloud immunity for 98 gold pieces
  3868 | D:4      | Reached skill level 6 in Fighting
  3878 | D:4      | Got a shimmering dagger
  3880 | D:4      | Got a crude leather armour
  3881 | D:4      | Identified the cursed +0 dagger "Ulonn" {vamp, Str+2} (You
                  | found it on level 4 of the Dungeon)
  3892 | D:4      | Identified the +1 leather armour of Patterns {rN+} (You
                  | found it on level 4 of the Dungeon)
  4379 | D:4      | Found a sacrificial altar of Ru.
  4429 | D:4      | Found a staircase to the Ecumenical Temple.
  4444 | Temple   | Entered the Ecumenical Temple
  4575 | Temple   | Became a worshipper of Warmaster Okawaru
  4685 | D:4      | Reached skill level 5 in Maces & Flails
  4980 | D:4      | Found a runed translucent gate.
  4980 | D:4      | Found a runed translucent gate.
  4981 | D:4      | Found a runed translucent gate.
  4982 | D:4      | Noticed Bombadil's ghost (amateur DsAK)
  5100 | D:4      | Found Tuno's General Store.
  7134 | D:7      | Reached skill level 7 in Fighting
  7134 | D:7      | Reached XP level 9. HP: 51/57 MP: 9/9
  7276 | D:7      | Reached * piety under Okawaru
  7276 | D:7      | Reached skill level 1 in Invocations
  7485 | D:8      | Reached skill level 1 in Evocations
  7790 | D:8      | Reached ** piety under Okawaru
  7827 | D:8      | Noticed Pikel
  7847 | D:8      | Killed Pikel
  7872 | D:8      | Reached XP level 10. HP: 64/64 MP: 12/12
  8174 | D:9      | Reached skill level 8 in Fighting
  8358 | D:9      | Found Qaol Hurgh's Distillery.
  8448 | D:9      | Reached *** piety under Okawaru
  8675 | D:9      | Found a shadowy altar of Dithmenos.
  8949 | D:10     | Entered Level 10 of the Dungeon
  9089 | D:10     | Reached **** piety under Okawaru
  9089 | D:10     | Reached skill level 5 in Invocations
  9191 | D:10     | Found a staircase to the Orcish Mines.
  9674 | D:10     | Noticed Urug
  9701 | D:10     | Killed Urug
  9701 | D:10     | Reached ***** piety under Okawaru
  9701 | D:10     | Reached skill level 9 in Fighting
  9701 | D:10     | Reached XP level 11. HP: 42/71 MP: 15/15
  9881 | D:10     | Killed an unseen horror
  9885 | D:10     | Killed an unseen horror
 10040 | D:11     | Received a gift from Okawaru
 10065 | D:11     | Got a scorched dire flail {god gift}
 10172 | D:11     | Identified the +12 dire flail of Rafaum {venom, rElec rPois
                  | Str+4} (Okawaru gifted it to you on level 11 of the
                  | Dungeon)
 10203 | D:11     | Noticed a cyclops
 10212 | D:11     | Killed a cyclops
 10492 | D:11     | Found a staircase to the Lair.
 10730 | D:11     | Noticed a cyclops
 10740 | D:11     | Killed a cyclops
 11090 | Lair:1   | Entered Level 1 of the Lair of Beasts
 11396 | Lair:1   | Reached skill level 10 in Shields
 11402 | Lair:1   | Received a gift from Okawaru
 11403 | Lair:1   | Got a pair of blackened gloves {god gift}
 11414 | Lair:1   | Identified the +0 pair of gloves of Jearr {+Blink Regen+
                  | MP-9} (Okawaru gifted it to you on level 1 of the Lair of
                  | Beasts)
 11449 | Lair:1   | Reached skill level 10 in Fighting
 11459 | Lair:1   | Reached skill level 10 in Armour
 11485 | Lair:1   | Reached XP level 12. HP: 77/77 MP: 8/17
 11650 | Lair:1   | Got a bound steel ring
 11660 | Lair:1   | Identified the ring "Jushaot" {Fire +Inv Int+7 Dex+2} (You
                  | found it on level 1 of the Lair of Beasts)
 11929 | Lair:2   | Got an ancient robe
 11944 | Lair:2   | Identified the +1 robe of Grace {+Blink +Fly Regen+ Dex-2}
                  | (You found it on level 2 of the Lair of Beasts)
 12012 | Lair:2   | Noticed a six-headed hydra
 12023 | Lair:2   | Killed a six-headed hydra
 12104 | Lair:2   | Found a staircase to the Swamp.
 12193 | Lair:2   | Noticed a five-headed hydra
 12202 | Lair:2   | Killed a five-headed hydra
 12749 | Lair:3   | Found a staircase to the Snake Pit.
 12761 | Lair:3   | Reached ****** piety under Okawaru
 12954 | Lair:3   | Received a gift from Okawaru
 12955 | Lair:3   | Got a scorched morningstar {god gift}
 12956 | Lair:3   | Identified the +1 morningstar of Okawaru's Envy {speed,
                  | +Rage rElec} (Okawaru gifted it to you on level 3 of the
                  | Lair of Beasts)
 12959 | Lair:3   | Noticed a six-headed hydra
 12969 | Lair:3   | Killed a six-headed hydra
 12969 | Lair:3   | Reached skill level 11 in Fighting
 13683 | Lair:4   | Reached skill level 10 in Maces & Flails
 13729 | Lair:4   | Reached XP level 13. HP: 71/84 MP: 10/19
 14031 | Lair:4   | Got a crude quarterstaff
 14157 | Lair:4   | Received a gift from Okawaru
 14572 | Lair:4   | Identified the +9 quarterstaff of Misery {pain, +Fly rN+
                  | Str+2} (You found it on level 4 of the Lair of Beasts)
 14667 | Lair:5   | Found a frozen archway.
 14694 | IceCv    | Entered an ice cave
 15291 | IceCv    | Reached skill level 10 in Invocations
 15295 | IceCv    | Received a gift from Okawaru
 15312 | IceCv    | Reached skill level 12 in Fighting
 15474 | IceCv    | Noticed a frost giant
 15496 | IceCv    | Killed a frost giant
 15496 | IceCv    | Gained mutation: Your large and strong wings let you fly
                  | indefinitely. [Gargoyle growth]
 15496 | IceCv    | Reached XP level 14. HP: 28/92 MP: 10/21
 15956 | Lair:5   | Found a shattered altar of Ashenzari.
 16761 | Lair:6   | Entered Level 6 of the Lair of Beasts
 17070 | Lair:6   | Received a gift from Okawaru
 17210 | Lair:6   | Found a staircase to the Slime Pits.
 17744 | Lair:6   | Reached skill level 13 in Fighting
 18261 | Lair:6   | Found a runed translucent door.
 18456 | Lair:6   | Reached XP level 15. HP: 98/99 MP: 14/23
 19010 | D:12     | Found Oceidant's Armour Emporium.
 19023 | D:12     | Found Gimmea's Armour Shoppe.
 19034 | D:12     | Bought a +2 helmet of intelligence for 344 gold pieces
 19194 | D:12     | Received a gift from Okawaru
 19368 | D:12     | Found the +12 Vampire's Tooth {vamp}
 19480 | D:12     | Found Boakloetz's Book Shop.
 19588 | D:12     | You are sucked into a shaft and drop 3 floors!
 19588 | D:15     | Entered Level 15 of the Dungeon
 19588 | D:15     | Found a staircase to the Depths.
 19769 | D:14     | Noticed Rupert
 19842 | D:14     | Killed Rupert
 19842 | D:14     | Received a gift from Okawaru
 20385 | D:13     | Reached skill level 14 in Fighting
 21025 | Orc:1    | Entered Level 1 of the Orcish Mines
 21454 | Orc:2    | Entered Level 2 of the Orcish Mines
 22123 | Orc:2    | Received a gift from Okawaru
 22177 | Orc:2    | Reached XP level 16. HP: 107/107 MP: 15/24
 22236 | Orc:2    | Found a staircase to the Elven Halls.
 22238 | Orc:2    | Paralysed by an ogre mage for 6 turns
 22471 | Orc:2    | Found Segy's Weapon Boutique.
 22471 | Orc:2    | Found Dehesegg's Armour Shoppe.
 22472 | Orc:2    | Found Mowyvod's Magic Scroll Shoppe.
 22472 | Orc:2    | Found Dutup's Jewellery Shop.
 22489 | Orc:2    | Bought a scroll of enchant weapon for 112 gold pieces
 23504 | D:14     | Noticed Snorg
 23536 | D:14     | Killed Snorg
 23583 | D:14     | Received a gift from Okawaru
 23770 | D:14     | Reached skill level 15 in Fighting
 23770 | D:14     | Reached skill level 15 in Shields
 24095 | D:14     | Found a gate to the Vaults.
 24157 | D:14     | Reached skill level 15 in Armour
 24361 | D:15     | Found Hyiriykh's Book Emporium.
 25389 | Swamp:1  | Entered Level 1 of the Swamp
 25535 | Swamp:1  | Got a warped flail
 25547 | Swamp:1  | Identified the +10 flail of Dori {holy, +Fly Int+2} (You
                  | found it on level 1 of the Swamp)
 25572 | Swamp:1  | Noticed a thorn hunter
 25607 | Swamp:1  | Killed a thorn hunter
 25607 | Swamp:1  | Reached XP level 17. HP: 41/113 MP: 13/25
 25846 | Swamp:1  | Received a gift from Okawaru
 27604 | Snake:1  | Entered Level 1 of the Snake Pit
 27765 | Snake:1  | Reached skill level 5 in Evocations
 28042 | Snake:1  | Reached skill level 16 in Fighting
 28519 | Snake:1  | Received a gift from Okawaru
 28520 | Snake:1  | Got an ichor-stained lajatang {god gift}
 28526 | Snake:1  | Identified the +6 lajatang of Yvuemis {slice, rPois Int+4}
                  | (Okawaru gifted it to you on level 1 of the Snake Pit)
 29432 | Snake:3  | Noticed Vashnia
 29459 | Snake:3  | Killed Vashnia
 29459 | Snake:3  | Received a gift from Okawaru
 29459 | Snake:3  | Reached skill level 15 in Maces & Flails
 29543 | Snake:3  | Noticed Aizul
 29566 | Snake:3  | Killed Aizul
 29566 | Snake:3  | Reached XP level 18. HP: 115/122 MP: 17/26
 29589 | Snake:3  | Found Sehib's Distillery.
 29594 | Snake:3  | Bought a potion of mutation for 112 gold pieces
 29594 | Snake:3  | Bought a potion of haste for 140 gold pieces
 29594 | Snake:3  | Bought a potion of curing for 42 gold pieces
 29594 | Snake:3  | Bought a potion of heal wounds for 70 gold pieces
 29594 | Snake:3  | Bought a potion of heal wounds for 70 gold pieces
 30048 | Snake:3  | Noticed Kirke
 30063 | Snake:3  | Killed Kirke
 30788 | D:12     | Bought a +0 cloak of magic resistance for 184 gold pieces
 30930 | Elf:1    | Entered Level 1 of the Elven Halls
 31017 | Elf:1    | Noticed a Tzitzimitl
 31098 | Elf:1    | Noticed Frances
 31133 | Elf:1    | Killed Frances
 31516 | Elf:1    | Received a gift from Okawaru
 31580 | Elf:1    | Received a gift from Okawaru
 31598 | Elf:1    | Reached skill level 17 in Fighting
 31771 | Elf:1    | Found a shimmering altar of Xom.
 31813 | Elf:1    | Identified the Grimoire of Damage Dealing
 31989 | Elf:2    | Found a runed translucent gate.
 31989 | Elf:2    | Found a runed translucent gate.
 31993 | Elf:2    | Found a runed translucent gate.
 32690 | Elf:2    | Learned a level 3 spell: Regeneration
 32804 | Elf:2    | Reached skill level 1 in Spellcasting
 32804 | Elf:2    | Reached skill level 1 in Charms
 32818 | Elf:2    | Reached skill level 1 in Necromancy
 32898 | Elf:2    | Reached XP level 19. HP: 128/128 MP: 18/27
 33399 | Swamp:4  | Entered Level 4 of the Swamp
 33624 | Swamp:4  | Received a gift from Okawaru
 33779 | Swamp:4  | Got a scorched hand crossbow
 33785 | Swamp:4  | Identified the +12 hand crossbow of Laocyu {elec, Str+2}
                  | (You found it on level 4 of the Swamp)
 33814 | Swamp:4  | Reached skill level 1 in Dodging
 34101 | Swamp:4  | Got a decaying rune of Zot
 34718 | Snake:4  | Entered Level 4 of the Snake Pit
 34759 | Snake:4  | Found Loryuv's Magic Scroll Emporium.
 34815 | Snake:4  | Bought a scroll of brand weapon for 360 gold pieces
 34815 | Snake:4  | Bought a scroll of amnesia for 63 gold pieces
 35308 | Snake:4  | Received a gift from Okawaru
 35309 | Snake:4  | Found the +2 pair of boots of the Assassin {Detection Stab+
                  | Stlth++}
 35512 | Snake:4  | Reached skill level 18 in Fighting
 35768 | Snake:4  | Reached XP level 20. HP: 136/136 MP: 19/28
 35873 | Snake:4  | Got a serpentine rune of Zot
 36148 | Snake:4  | Reached skill level 5 in Spellcasting
 36164 | Snake:4  | Reached skill level 5 in Charms
 36761 | Elf:3    | Entered Level 3 of the Elven Halls
 36817 | Elf:3    | Found Weijam's Jewellery Boutique.
 36829 | Elf:3    | Learned a level 5 spell: Borgnjor's Vile Clutch
 36862 | Elf:3    | Reached skill level 1 in Earth Magic
 36978 | Elf:3    | Reached skill level 5 in Necromancy
 37053 | Elf:3    | Received a gift from Okawaru
 37088 | Elf:3    | Reached skill level 5 in Dodging
 37650 | Elf:3    | Identified the Tome of Supportive Orientation
 37685 | Elf:3    | Identified the ring of Bausuw {+Inv +Fly Str+2 Int+3 Dex+2}
 37719 | Elf:3    | Identified a scroll of acquirement
 37720 | Elf:3    | Got a wavering brass ring
 37722 | Elf:3    | Identified the ring "Ted Woew" {MR++ rCorr Stlth+} (You
                  | acquired it on level 3 of the Elven Halls)
 38179 | Elf:3    | Reached skill level 5 in Earth Magic
 38200 | Elf:3    | Got a dazzling glaive
 38209 | Elf:3    | Got a bronze scale mail
 38210 | Elf:3    | Identified the Catalogue of Spatial Ice
 38220 | Elf:3    | Got a coiled amethyst amulet
 38223 | Elf:3    | Identified Maerph's Tome of Evil Rites and Augmentations
 38227 | Elf:3    | Identified the +6 scale mail of Resourcefulness {rCorr
                  | Slay+2} (You found it on level 3 of the Elven Halls)
 38274 | Elf:3    | Identified the cursed +1 glaive of the Lair of Beasts
                  | {protect, MP+9 Str+4} (You found it on level 3 of the Elven
                  | Halls)
 38275 | Elf:3    | Identified the amulet of Reno Xou {Spirit rC+ Str+2} (You
                  | found it on level 3 of the Elven Halls)
 38374 | Elf:3    | Got a faintly glowing ring mail
 38385 | Elf:3    | Identified the +2 ring mail "Duunuvy" {rC- Dex+2 SInv} (You
                  | found it on level 3 of the Elven Halls)
 38774 | Depths:1 | Entered Level 1 of the Depths
 38790 | Depths:1 | Received a gift from Okawaru
 39025 | Depths:1 | Identified a +2 pair of boots of running (Okawaru gifted it
                  | to you on level 1 of the Depths)
 39367 | Depths:1 | Reached XP level 21. HP: 134/143 MP: 20/29
 39540 | Depths:1 | Reached skill level 19 in Fighting
 39795 | Depths:1 | Found a gateway to Hell.
 40094 | Depths:1 | Received a gift from Okawaru
 40690 | Depths:2 | Noticed Saint Roka
 40772 | Depths:2 | Killed Saint Roka
 40825 | Depths:2 | Found a one-way gate leading to the halls of Pandemonium.
 40918 | Depths:2 | Found Kauq's General Store.
 40971 | Depths:2 | Found Penwosch's Food Boutique.
 41165 | Depths:2 | Noticed a caustic shrike
 41166 | Depths:2 | Received a gift from Okawaru
 41180 | Depths:2 | Killed a caustic shrike
 41180 | Depths:2 | Reached skill level 10 in Earth Magic
 41180 | Depths:2 | Reached XP level 22. HP: 133/151 MP: 19/30
 41483 | Depths:2 | Got a sparkling bronze ring
 41484 | Depths:2 | Identified the ring "Amogy" {+Blink Int+2 SInv} (You found
                  | it on level 2 of the Depths)
 41924 | Depths:3 | Found Ixeru's Mass Market.
 42133 | Depths:3 | Reached skill level 20 in Fighting
 42223 | Depths:3 | Got an agate-encrusted plate armour
 42227 | Depths:3 | Noticed a golden dragon
 42240 | Depths:3 | Killed a golden dragon
 42278 | Depths:3 | Identified the +2 plate armour of Anarchy {+Fly} (You found
                  | it on level 3 of the Depths)
 42305 | Depths:3 | Found Duothraa's Jewellery Emporium.
 42316 | Depths:3 | Found Ynucros's Gadget Boutique.
 42317 | Depths:3 | Found Goiffia's Jewellery Emporium.
 42693 | Depths:4 | Learned a level 2 spell: Blink
 42706 | Depths:4 | Noticed a juggernaut
 42706 | Depths:4 | Noticed a juggernaut
 42706 | Depths:4 | Noticed strangelove's ghost (master GrEE)
 42712 | Depths:4 | Found a transporter.
 42714 | Depths:4 | Found a bloodstained altar of Trog.
 42717 | Depths:4 | Identified the +4 rapier of Past Mistakes {holy, +Fly rPois
                  | rC+ Int+4}
 42721 | Depths:4 | Identified the +10 morningstar "Imyemiad" {holy, MR- Str+4}
 42745 | Depths:4 | Found a transporter.
 42749 | Depths:4 | Identified the +5 rapier of the Fulmar {antimagic, *Slow
                  | +Inv Int+8}
 42823 | Depths:4 | Received a gift from Okawaru
 42828 | Depths:4 | Got a spiked plate armour {god gift}
 42830 | Depths:4 | Identified the +9 plate armour "Vuup" {Int+4} (Okawaru
                  | gifted it to you on level 4 of the Depths)
 42904 | Depths:4 | Found Urim Gemp's Antique Weapon Shoppe.
 43036 | Depths:4 | Found a one-way gate to the infinite horrors of the Abyss.
 43036 | Depths:4 | Noticed Louise
 43048 | Depths:4 | Killed Louise
 43096 | Depths:4 | Noticed a golden dragon
 43103 | Depths:4 | Killed a golden dragon
 43141 | Depths:4 | Noticed a caustic shrike
 43144 | Depths:4 | Noticed a juggernaut
 43157 | Depths:4 | Killed a caustic shrike
 43167 | Depths:4 | Killed a juggernaut
 43167 | Depths:4 | Reached skill level 10 in Dodging
 43236 | Depths:4 | Noticed a golden dragon
 43247 | Depths:4 | Killed a golden dragon
 43426 | Depths:4 | Reached XP level 23. HP: 132/158 MP: 25/34
 43804 | Depths:4 | Got a pitted great mace
 43866 | Depths:4 | Identified the +9 great mace "Acarineslayer" {crush, rF++}
                  | (You found it on level 4 of the Depths)
 43908 | Depths:4 | Killed a juggernaut
 43915 | Depths:4 | Received a gift from Okawaru
 43936 | Depths:4 | Killed a juggernaut
 43936 | Depths:4 | Reached skill level 21 in Fighting
 43951 | Depths:4 | Killed strangelove's ghost
 43967 | Depths:4 | Identified the Incunabulum of the Mountains and Summoning
 44593 | Depths:5 | Entered Level 5 of the Depths
 44904 | Depths:5 | Noticed a golden dragon
 44916 | Depths:5 | Killed a golden dragon
 44991 | Depths:5 | Got a warped robe
 45020 | Depths:5 | Noticed Margery
 45045 | Depths:5 | Killed Margery
 45060 | Depths:5 | Identified the cursed +0 robe of the Game Afoot {*Corrode
                  | MR+ Regen+ Str+6} (You found it on level 5 of the Depths)
 45083 | Depths:5 | Paralysed by a floating eye for 4 turns
 45150 | Depths:5 | Received a gift from Okawaru
 45288 | Depths:5 | Found a gateway to a ziggurat.
 45467 | Depths:5 | Reached XP level 24. HP: 117/166 MP: 17/36
 45543 | Depths:5 | Received a gift from Okawaru
 45563 | Depths:5 | Reached skill level 10 in Necromancy
 45602 | Depths:5 | Got an ichor-stained plate armour {god gift}
 45724 | Depths:5 | Found a runed translucent door.
 45725 | Depths:5 | Found a runed translucent door.
 45725 | Depths:5 | Found a runed translucent door.
 45742 | Depths:5 | Identified the +7 plate armour of Okawaru's Esteem {rN+ MR+
                  | Str-5 SInv} (Okawaru gifted it to you on level 5 of the
                  | Depths)
 45746 | Depths:5 | Found a runed translucent door.
 45759 | Depths:5 | Found a runed translucent door.
 45766 | Depths:5 | Found a runed translucent door.
 45860 | Depths:5 | Found a gate to the Realm of Zot.
 45955 | Depths:5 | Learned a level 1 spell: Summon Butterflies
 45962 | Depths:5 | Learned a level 6 spell: Iron Shot
 45970 | Depths:5 | Learned a level 7 spell: Spellforged Servitor
 45977 | Depths:5 | Learned a level 6 spell: Deflect Missiles
 45983 | Depths:5 | Learned a level 5 spell: Aura of Abjuration
 46669 | Temple   | Fell from the grace of Okawaru
 46669 | Temple   | Became a worshipper of Cheibriados the Contemplative
 46917 | Vaults:1 | Entered Level 1 of the Vaults
 46942 | Vaults:1 | Reached skill level 1 in Conjurations
 46996 | Vaults:1 | Reached skill level 1 in Summonings
 47039 | Vaults:1 | Reached skill level 1 in Air Magic
 47044 | Vaults:1 | Reached * piety under Cheibriados
 47326 | Vaults:1 | Reached ** piety under Cheibriados
 47494 | Vaults:1 | Noticed Asterion
 47514 | Vaults:1 | Killed Asterion
 47637 | Vaults:1 | Reached skill level 22 in Fighting
 47665 | Vaults:1 | Reached *** piety under Cheibriados
 48120 | Vaults:1 | Reached **** piety under Cheibriados
 48189 | Vaults:1 | Found Cexkaa Fusa's Gadget Boutique.
 48374 | Vaults:1 | Identified the Catalogue of Intoxication and Transmigration
 48912 | Vaults:2 | Reached XP level 25. HP: 173/173 MP: 27/36
 49117 | Vaults:2 | Reached ***** piety under Cheibriados
 49773 | Vaults:2 | Found a staircase to the Crypt.
 49863 | Vaults:3 | Reached skill level 5 in Conjurations
 49964 | Vaults:3 | Reached ****** piety under Cheibriados
 50729 | Vaults:3 | Got a shimmering arbalest
 50730 | Vaults:3 | Identified the +9 arbalest "Waofaurch" {flame, Str+4 SInv}
                  | (You found it on level 3 of the Vaults)
 50757 | Vaults:3 | HP: 3/174 [titan[the fury of Okawaru] (10)]
 50840 | Vaults:3 | Killed from afar by a titan

Levels and vault maps discovered:
D:1:      erik_arrival_cave_to_civilisation [erik_arrival_cave_to_temple],
          layout_basic
D:2:      layout_basic, kennysheep_generic_room_8, uniq_sigmund, uniq_jessica
D:3:      layout_basic, first_ration
D:4:      layout_gridville, kennysheep_mini_moat,
          minmay_temple_entry_sparse_star, serial_shops, shop_fountains,
          nicolae_shop_statue_plus, ebering_ghost_rock_garden, minmay_bent
D:5:      layout_basic, portal_sewer_entry_a
D:6:      layout_basic, kennysheep_opposing_triangles
D:7:      layout_basic
D:8:      layout_basic, grunt_pizzeria, uniq_pikel
D:9:      layout_cave_pools, serial_shops, shop, nicolae_dithmenos_the_darkroom
D:10:     layout_loops_corners, orc_0_dummy, uniq_urug, uniq_erolcha
D:11:     layout_cross, dpeg_oklobed_lair, hangedman_decor_points
D:12:     layout_roguey, serial_shops, nicolae_shop_waterfront, shop, shop,
          serial_corexii_hall, corexii_hall_statues_u,
          chequers_hall_statues_corner_a, minmay_guarded_unrand_vampires_tooth
D:13:     layout_gridville, onia_ninara_dug_in_and_dangerous
D:14:     layout_rooms, grunt_vaults_entry_fortified,
          hangedman_decor_diamond_cutter, uniq_snorg, uniq_rupert
D:15:     hangedman_depths_entry_civil_slaughter, layout_loops_cross,
          serial_shops, shop_statue, serial_rivers,
          chequers_serial_rivers_micro_d, chequers_serial_rivers_marsh,
          chequers_serial_rivers_micro_a, chequers_serial_rivers_room_b,
          chequers_serial_rivers_micro_c, chequers_serial_rivers_large_a,
          minmay_hedge_maze
Temple:   compressed_dpeg_circular_temple
Lair:1:   layout_regular_city, serial_bayou_shore_a
Lair:2:   layout_loops_ring, minmay_swamp_entry_worms, bh_chokoban,
          serial_bayou_shore_b, grunt_megastairs_2
Lair:3:   layout_layer_cave, minmay_snake_entry_six_corridors
Lair:4:   layout_regular_city, serial_bayou_shore_b, grunt_megastairs_5
Lair:5:   layout_loops_ring, portal_ice_cave_rime, lemuel_centaur_altar,
          lemuel_fruit_tree, grunt_megastairs_3, serial_bayou_shore_b
Lair:6:   hangedman_lair_caniforms_friends, layout_long_grid, wormcave,
          slime_dummy, infiniplex_staircase_pool
Swamp:1:  cheibrodos_swamp_tower_of_moss, layout_basic_swamp,
          evilmike_swamp_ruin_rubble_2, swamp_pool1, hangedman_swamp_wriggling
Swamp:2:  layout_basic_swamp, evilmike_swamp_ruin_rubble_1
Swamp:3:  layout_basic_swamp, evilmike_swamp_ruin_house_1
Swamp:4:  swamp_alternative, layout_basic_swamp
Snake:1:  layout_layer_cave
Snake:2:  layout_grid_shapes
Snake:3:  layout_onion_interference, special_room, serial_shops,
          nicolae_shop_trees, uniq_aizul, uniq_kirke, uniq_vashnia
Snake:4:  grunt_snake_rune_pools, layout_cave_town, serial_shops, shop
Orc:1:    layout_caves
Orc:2:    st_orc_ogre_mass, layout_diamond_mine
Elf:1:    eino_elf_arrival_sip, layout_loops_ring, minmay_elf_sorcery,
          david_defended_altar_elf, uniq_frances
Elf:2:    layout_onion_city, minivault_16
Elf:3:    minmay_elf_hall, layout_gridlike, serial_shops, shop,
          grunt_ministairs_9, minivault_16
Vaults:1: nicolae_vaults_big_ls, v_misc_26, nicolae_vaults_asterisk,
          nicolae_vaults_holding_cells, grunt_vaults_trifunnel,
          hangedman_vaults_maws, v_misc_14, nicolae_vaults_specimen_jars,
          layout_vaults_quadrants, serial_shops, shop, uniq_asterion
Vaults:2: v_misc_19, hangedman_vaults_restitches,
          hangedman_vaults_hard_town_square, hangedman_vaults_corner,
          ontoclasm_vaults_spin, v_misc_28, minmay_crypt_entry_skeletal_spiral,
          nicolae_vaults_network_star, ontoclasm_vaults_fault,
          hangedman_vaults_stretched_pinwheel, v_misc_14, vaults_room_door_hall,
          ontoclasm_vaults_misaligned, v_misc_15,
          nicolae_vaults_ring_of_whatevers, layout_vaults_omnibox
Vaults:3: vaults_room_pools, vaults_dpeg_hooks,
          nicolae_vaults_windows_and_doors_thing, vaults_mumra_minichess,
          vaults_dpeg_diagonal, nicolae_vaults_diagonal_hallway_6,
          v_alt_pattern_6, nicolae_vaults_yaktaur_gun_rack,
          ontoclasm_vaults_loading_screen, vaults_room_stairs_pillars,
          hangedman_vaults_impose, layout_vaults_big_room
Depths:1: layout_basic, moated_statue, grunt_hell_entry_dis_grunt,
          serial_bayou_lagoon_a, kennysheep_generic_room_9
Depths:2: kennysheep_green_arena, layout_cave_shapes, hell_entry, pan_entry,
          minmay_shop_star, infiniplex_staircase_zigzag_5, serial_bayou_shore_b,
          serial_bayou_shore_b, uniq_saint_roka
Depths:3: minmay_mutant_horseshoe, layout_cave_pools, pf_hell_entry_tar_river,
          minmay_tree_intersection, pan_entry, minmay_shop_mass, minivault_16,
          minmay_shop_grove, infiniplex_staircase_zigzag_3
Depths:4: minmay_two_paths, layout_small_grid, grunt_hell_entry_demonic_statue,
          serial_shops, nicolae_shop_temple_entry_statues_fountains,
          nicolae_abyss_entry_one_way_or_another, rand_demon_pan_entry_7,
          gammafunk_ghost_wrathful_warriors, hangedman_stitches_earthworm
Depths:5: evilmike_zot_entry_castle, layout_gridlike, enter_ziggurat_b,
          hell_entry, uniq_margery

Skill      XL: |  1  2  3  4  5  6  7  8  9 10 11 12 13 14 15 16 17 18 19 20 21 22 23 24 25 |
---------------+----------------------------------------------------------------------------+-----
Armour         | 4 5 7 9 10 11 12 13 14 15 16 17 18 | 18.0
Fighting       | 4 5 7 9 10 11 12 13 14 15 16 17 18 19 20 21 22 | 22.3
Shields        | 4 5 7 9 10 11 12 13 14 15 | 15.0
Maces & Flails | 3 4 5 6 7 9 10 11 12 13 14 15 16 | 16.0
Invocations    | 3 5 7 8 10 11 12 | 12.3
Evocations     | 2 3 6 7 |  7.0
Spellcasting   | 1 4 5 7 9 |  9.0
Charms         | 1 4 5 6 7 |  7.0
Necromancy     | 1 4 6 8 9 10 | 10.9
Dodging        | 3 6 8 10 12 13 14 | 14.3
Earth Magic    | 6 10 11 12 13 | 13.0
Conjurations   | 4 5 |  5.9
Summonings     | 3 4 |  4.9
Air Magic      | 3 4 |  4.5

Action                   |  1- 3 |  4- 6 |  7- 9 | 10-12 | 13-15 | 16-18 | 19-21 | 22-24 | 25-27 || total
-------------------------+-------+-------+-------+-------+-------+-------+-------+-------+-------++-------
Melee: Flail             |   112 |   204 |   308 |       |       |  1087 |   572 |       |       ||  2283
       Hand axe          |       |   111 |    89 |       |       |       |       |       |       ||   200
       Dagger            |       |       |   548 |   173 |       |       |       |       |       ||   721
       Whip              |       |       |     4 |   360 |       |       |       |       |       ||   364
       Dire flail        |       |       |       |   294 |    27 |       |       |       |       ||   321
       Morningstar       |       |       |       |    36 |  1634 |     7 |       |     9 |       ||  1686
       Quick blade       |       |       |       |       |   869 |  1237 |   868 |   156 |       ||  3130
       Eveningstar       |       |       |       |       |       |       |   651 |  1548 |   516 ||  2715
 Cast: Regeneration      |       |       |       |       |       |       |    11 |    37 |     4 ||    52
       Borgnjor's Vile C |       |       |       |       |       |       |       |    30 |    18 ||    48
Invok: Heroism           |       |       |     1 |     1 |     6 |     8 |    11 |     8 |       ||    35
       Finesse           |       |       |       |       |       |       |       |     1 |       ||     1
       Step From Time    |       |       |       |       |       |       |       |       |     1 ||     1
       Bend Time         |       |       |       |       |       |       |       |       |     1 ||     1
       Slouch            |       |       |       |       |       |       |       |       |     1 ||     1
 Abil: Fly               |       |       |       |       |     1 |       |       |       |       ||     1
Evoke: Wand              |     2 |       |     2 |     9 |     4 |    13 |    14 |     1 |       ||    45
  Use: Potion            |       |     1 |     4 |     2 |     6 |     6 |     6 |    18 |     4 ||    47
       Scroll            |       |     5 |    18 |     6 |     7 |    10 |    21 |     7 |     2 ||    76
 Stab: Invisible         |       |       |       |       |     1 |       |       |    16 |       ||    17
       Confused          |       |       |       |       |       |     5 |     1 |     1 |       ||     7
       Distracted        |       |       |       |       |       |       |       |     1 |       ||     1
  Eat: Chunk             |     2 |     6 |     8 |    16 |    26 |    25 |    11 |    23 |     6 ||   123
       Ration            |       |       |     7 |     1 |     1 |     4 |     6 |     3 |       ||    22
Armor: Scale mail        |    36 |       |       |       |       |       |   338 |   230 |       ||   604
       Plate armour      |    35 |   258 |   707 |   706 |  1340 |   146 |       |   626 |   150 ||  3968
       Chain mail        |       |     3 |       |       |       |       |       |       |       ||     3
       Crystal plate arm |       |       |       |       |       |  1286 |  1061 |       |       ||  2347
Dodge: Dodged            |    24 |    65 |   191 |   281 |   523 |   461 |   596 |   851 |   259 ||  3251
Block: Shield            |    50 |   209 |   829 |   625 |  2132 |  1921 |  1895 |  1528 |   472 ||  9661
       Reflection        |       |       |     2 |     6 |    48 |   113 |   171 |    63 |    49 ||   452
       Other             |       |       |       |    38 |     1 |       |       |       |       ||    39
